 Dungeon Crawl Stone Soup version 0.31-a0-983-g7b6862f502 (webtiles) character file.

Game seed: 18431468167038317400

183 garrulousMonolith the Magician (level 5, -2/37 HPs)
             Began as a Gnoll Hedge Wizard on Nov 2, 2023.
             Slain by an ogre
             ... wielding a +0 giant club
              (5 damage)
             ... on level 4 of the Dungeon.
             The game lasted 00:04:11 (3614 turns).

garrulousMonolith the Magician (Gnoll Hedge Wizard) Turns: 3614, Time: 00:04:12

Health: -2/37      AC:  3    Str:  9    XL:     5   Next: 62%
Magic:  9/14       EV: 28    Int: 16    God:
Gold:   197        SH:  0    Dex: 11    Spells: 11/18 levels left

rFire   . . .        a - +0 dagger
rCold   . . .        (no shield)
rNeg    . . .        b - +0 robe
rPois   .            g - +0 helmet
rElec   .            (no cloak)
rCorr   .            (no gloves)
SInv    .            (no boots)
Will    .....        l - amulet of the acrobat
Stlth   ++           (no ring)
HPRegen 0.26/turn    (no ring)
MPRegen 0.14/turn

%: acrobat
@: acrobatic, very slightly contaminated
A: fangs 1, strong nose, distributed training
a: no special abilities


You were on level 4 of the Dungeon.
You visited 1 branch of the dungeon, and saw 4 of its levels.

You collected 197 gold pieces.

Inventory:

Hand Weapons
 a - a +0 dagger (weapon)
Armour
 b - a +0 robe (worn)
 c - a +0 hat
 g - a +0 helmet (worn)
 k - a +0 tower shield
 s - a +2 scale mail of poison resistance
Jewellery
 l - an amulet of the acrobat (around neck)
Wands
 j - a wand of flame (18)
 m - a wand of digging (7)
 p - a wand of roots (7)
Scrolls
 f - a scroll of enchant armour {unknown}
 h - 2 scrolls of vulnerability
 q - a scroll of teleportation
 r - a scroll of fog {unknown}
Potions
 d - a potion of magic
 i - a potion of berserk rage
 n - a potion of curing
 o - a potion of resistance


   Skills:
 + Level 1.6 Fighting
 + Level 1.6 Short Blades
 + Level 1.6 Long Blades
 + Level 1.6 Axes
 + Level 1.6 Maces & Flails
 + Level 1.6 Polearms
 + Level 1.6 Staves
 + Level 1.6 Ranged Weapons
 + Level 1.6 Throwing
 + Level 1.6 Armour
 + Level 4.8 Dodging
 + Level 4.4 Stealth
 + Level 1.6 Shields
 + Level 1.6 Unarmed Combat
 + Level 7.3 Spellcasting
 + Level 2.4 Conjurations
 + Level 1.2 Hexes
 + Level 2.4 Summonings
 + Level 1.2 Necromancy
 + Level 2.4 Translocations
 + Level 1.2 Transmutations
 + Level 1.2 Fire Magic
 + Level 1.2 Ice Magic
 + Level 1.2 Air Magic
 + Level 1.2 Earth Magic
 + Level 1.2 Poison Magic
 + Level 1.8 Invocations
 + Level 1.6 Evocations
 + Level 1.4 Shapeshifting


You had 11 spell levels left.
You knew the following spells:

 Your Spells              Type           Power      Damage    Failure   Level
a - Magic Dart            Conj           52%        1d5       4%          1
b - Call Imp              Summ           26%        N/A       7%          2
c - Blink                 Tloc           26%        N/A       7%          2
d - Cigotuvi's Dreadful   Necr/Pois/Air  18%        N/A       11%         2

Your spell library contained the following spells:

 Spells                   Type           Power      Damage    Failure   Level
 Slow                     Hex            36%        N/A       7%          1
 Dazzling Flash           Conj/Hex       22%        N/A       17%         3
 Mephitic Cloud           Conj/Pois/Air  11%        N/A       19%         3
 Agony                    Necr           9%         N/A       89%         5
 Silence                  Hex/Air        4%         N/A       89%         5


Dungeon Overview and Level Annotations

Branches:
Dungeon (4/15)
 Temple: D:4-7

Altars:


Innate Abilities, Weirdness & Mutations

You have very sharp teeth.
Your uncanny sense of smell can sniff out nearby items.
Your experience applies equally to all skills.


Message History

You can't see any susceptible monsters within range! (Use Z to cast anyway.)
Your magical contamination has completely faded away.
Magic restored.
An ogre comes into view. It is wielding a +0 giant club.
An ogre is nearby!
An ogre is nearby!
There is a stone staircase leading up here.
You climb upwards.
There is a stone staircase leading down here.
You start waiting.
Done waiting.
Okay, then.
You start memorising the spell.
You continue memorising. x2
You finish memorising.
Spell assigned to 'd'.
You climb downwards.
The ogre barely misses you.
There is a stone staircase leading up here.
Casting: Magic Dart (safe; 4% risk of failure)
Confirm with . or Enter, or press ? or * to list all spells.
You miscast Call Imp.
You are very lightly contaminated with residual magic.
Nothing appears to happen.
The ogre barely misses you.
Casting: Call Imp (safe; 7% risk of failure)
Confirm with . or Enter, or press ? or * to list all spells.
A tiny devil pulls itself out of the air.
The ogre hits you with a +0 giant club.
Your cerulean imp hits the ogre from afar with a -3 spear.
Casting: Call Imp (safe; 7% risk of failure)
Confirm with . or Enter, or press ? or * to list all spells.
Aiming: Magic Dart (safe; 4% risk of failure)
Press: ? - help, Shift-Dir - straight line, f - ogre
Aim: an ogre, wielding a +0 giant club (lightly wounded, ally target, 100% to hit)
The magic dart hits the ogre.
The ogre is lightly wounded.
The ogre hits you with a +0 giant club!!
Ouch! That really hurt!
* * * LOW HITPOINT WARNING * * *
Your cerulean imp hits the ogre from afar with a -3 spear.
Your cerulean imp hits the ogre but does no damage.
The ogre hits you with a +0 giant club.
You die...

....
...
#####†#
#.....#
#...!.#
#.....#
#.....#
#..5O<#
#..@..#
#######


You could see an ogre (ally target) and a friendly cerulean imp (summoned).

Vanquished Creatures
  Terence (D:3)
  Robin (D:2)
  6 adders
  2 worms
  8 bats
  4 endoplasms
  A giant cockroach (D:1)
  11 goblins
  5 hobgoblins
  8 jackals (D:1)
  8 kobolds
  3 quokkas
  13 ball pythons
  4 frilled lizards
  6 rats
81 creatures vanquished.

Vanquished Creatures (collateral kills)
  3 goblins (D:2)
  A quokka (D:3)
4 creatures vanquished.

Grand Total: 85 creatures vanquished

Notes
Turn   | Place    | Note
-------+----------+-------------------------------------------
     0 | D:1      | garrulousMonolith the Gnoll Hedge Wizard began the quest
                  | for the Orb.
     0 | D:1      | Reached XP level 1. HP: 13/13 MP: 8/8
   253 | D:1      | Reached XP level 2. HP: 14/19 MP: 2/10
   558 | D:1      | Found a faded altar of an unknown god.
   881 | D:1      | Reached XP level 3. HP: 25/25 MP: 8/11
   884 | D:1      | Learned a level 2 spell: Call Imp
   887 | D:1      | Learned a level 2 spell: Blink
  1206 | D:1      | Reached skill level 1 in Invocations
  1715 | D:2      | Reached skill level 1 in Fighting
  1715 | D:2      | Reached skill level 1 in Short Blades
  1715 | D:2      | Reached skill level 1 in Long Blades
  1715 | D:2      | Reached skill level 1 in Axes
  1715 | D:2      | Reached skill level 1 in Maces & Flails
  1715 | D:2      | Reached skill level 1 in Polearms
  1715 | D:2      | Reached skill level 1 in Staves
  1715 | D:2      | Reached skill level 1 in Ranged Weapons
  1715 | D:2      | Reached skill level 1 in Throwing
  1715 | D:2      | Reached skill level 1 in Armour
  1715 | D:2      | Reached skill level 1 in Shields
  1715 | D:2      | Reached skill level 1 in Unarmed Combat
  1715 | D:2      | Reached skill level 1 in Evocations
  1877 | D:2      | Noticed Robin
  1927 | D:2      | Killed Robin
  1928 | D:2      | Reached skill level 1 in Shapeshifting
  1928 | D:2      | Reached XP level 4. HP: 27/32 MP: 5/13
  2157 | D:2      | Reached skill level 1 in Hexes
  2157 | D:2      | Reached skill level 1 in Necromancy
  2157 | D:2      | Reached skill level 1 in Transmutations
  2157 | D:2      | Reached skill level 1 in Fire Magic
  2157 | D:2      | Reached skill level 1 in Ice Magic
  2157 | D:2      | Reached skill level 1 in Air Magic
  2157 | D:2      | Reached skill level 1 in Earth Magic
  2157 | D:2      | Reached skill level 1 in Poison Magic
  2670 | D:2      | You fall into a shaft and drop 2 floors!
  2788 | D:3      | Reached XP level 5. HP: 37/37 MP: 8/14
  3274 | D:3      | Noticed Terence
  3303 | D:3      | Killed Terence
  3498 | D:4      | Noticed an ogre
  3607 | D:3      | Learned a level 2 spell: Cigotuvi's Dreadful Rot
  3614 | D:4      | Slain by an ogre

Illustrated notes

Levels and vault maps discovered:
D:1:      minmay_arrival_three_doors, layout_loops_corners,
          dilly_ecumenical_altar_fadedgnrine, st_stairs_9
D:2:      layout_loops_ring, uniq_robin
D:3:      layout_rooms, grunt_ministairs_3, uniq_terence
D:4:      layout_basic

Skill      XL: |  1  2  3  4 |
---------------+-------------+-----
Conjurations   | 2 |  2.4
Summonings     | 2 |  2.4
Translocations | 2 |  2.4
Invocations    | 1 |  1.8
Fighting       | 1 |  1.6
Short Blades   | 1 |  1.6
Long Blades    | 1 |  1.6
Axes           | 1 |  1.6
Maces & Flails | 1 |  1.6
Polearms       | 1 |  1.6
Staves         | 1 |  1.6
Ranged Weapons | 1 |  1.6
Throwing       | 1 |  1.6
Armour         | 1 |  1.6
Shields        | 1 |  1.6
Unarmed Combat | 1 |  1.6
Evocations     | 1 |  1.6
Shapeshifting  | 1 |  1.4
Hexes          | 1 |  1.2
Necromancy     | 1 |  1.2
Transmutations | 1 |  1.2
Fire Magic     | 1 |  1.2
Ice Magic      | 1 |  1.2
Air Magic      | 1 |  1.2
Earth Magic    | 1 |  1.2
Poison Magic   | 1 |  1.2
Dodging        | |  4.8
Stealth        | |  4.4
Spellcasting   | |  7.3

Action                     |  1- 3 |  4- 6 || total
---------------------------+-------+-------++-------
  Melee: Dagger            |    40 |    27 ||    67
         Bite              |     3 |     6 ||     9
         Punch             |       |     1 ||     1
   Cast: Magic Dart        |    98 |   108 ||   206
         Call Imp          |     1 |     4 ||     5
  Evoke: Wand              |       |     2 ||     2
    Use: Scroll            |     1 |     4 ||     5
         Potion            |       |     1 ||     1
 Armour: Robe              |    50 |    32 ||    82
  Dodge: Dodged            |    67 |    39 ||   106

Table legend: (Time is in decaauts)
 A = Elapsed time spent in this place.
 B = Non-inter-level travel time spent in this place.
 C = Inter-level travel time spent in this place.
 D = Time resting spent in this place.
 E = Time spent auto-exploring this place.
 F = Levels seen in this place.
 G = Mean time per level.
                   A        B        C        D        E       F      G
               +--------+--------+--------+--------+--------+-----+--------+
         Total |   3618 |   3552 |     66 |    360 |   2637 |   4 |  904.5 |
       Dungeon |   3618 |   3552 |     66 |    360 |   2637 |   4 |  904.5 |
               +--------+--------+--------+--------+--------+-----+--------+

Top non-repeatable levels by time:
     D:1: 1539 daAuts
     D:2: 1127 daAuts
     D:3: 840 daAuts
     D:4: 111 daAuts
